 Dungeon Crawl Stone Soup version 0.19-a0-749-g66ae36b (webtiles) character file.

14623 Ijustatesigmund the Basher (level 12, -2/99 HPs)
             Began as a Formicid Fighter on June 24, 2016.
             Was a Priest of Ashenzari.
             Killed from afar by a shock serpent (23 damage)
             ... with a bolt of electricity
             ... on level 12 of the Dungeon.
             The game lasted 00:46:48 (15956 turns).

Ijustatesigmund the Basher (Formicid Fighter)      Turns: 15956, Time: 00:46:49

Health: -2/99      AC: 18    Str: 23    XL:     12   Next: 47%
Magic:  12/12      EV:  9    Int:  7    God:    Ashenzari [***...]
Gold:   109        SH: 14    Dex: 18    Spells: 0 memorised, 11 levels left

rFire  + . .     SeeInvis +     A - +0 morningstar (curse)
rCold  . . .     Gourm    +     J - +3 plate armour {rF+}
rNeg   . . .     Faith    .     c - +1 shield
rPois  +         Spirit   .     (helmet unavailable)
rElec  .         Dismiss  .     F - +0 cloak
rCorr  .         Reflect  .     (no gloves)
SustAt .         Harm     .     (no boots)
MR     +....                    y - amulet of the gourmand
Stlth  ..........               j - +4 ring of dexterity
                                s - ring of poison resistance (curse)

@: somewhat resistant to hostile enchantments, extremely unstealthy
A: permanent stasis, dig shafts and tunnels, four strong arms, antennae 3
a: Dig, Shaft Self, Curse Item, Scrying, Renounce Religion


You were on level 12 of the Dungeon.
You worshipped Ashenzari.
Ashenzari was most pleased with you.
You were not hungry.

You visited 2 branches of the dungeon, and saw 14 of its levels.
You visited 1 bazaar.
You also visited: Sewer.

You collected 640 gold pieces.
You spent 531 gold pieces at shops.

Inventory:

Hand Weapons
 A - a cursed +0 morningstar (weapon)
Missiles
 r - 6 tomahawks (quivered)
Armour
 c - a +1 shield (worn)
 F - a +0 cloak (worn)
 J - a +3 plate armour of fire resistance (worn)
Jewellery
 a - an uncursed ring of magical power
 e - an uncursed ring of positive energy
 j - a +4 ring of dexterity (right hand)
 s - a cursed ring of poison resistance (left hand)
 w - an uncursed ring of resist corrosion
 y - an amulet of the gourmand (around neck)
 D - an uncursed amulet of harm
 I - an uncursed ring of magical power
Wands
 d - a wand of flame (17/48)
 h - a wand of iceblast (11/15)
 x - a wand of digging (10/24)
Scrolls
 k - 2 scrolls of amnesia
 l - 4 scrolls of recharging
Potions
 i - 2 potions of magic
 m - a potion of ambrosia
 n - a potion of brilliance
 o - a potion of might
 p - 6 potions of curing
 q - 2 potions of lignification
 u - a potion of mutation
 v - 3 potions of cancellation
 z - 2 potions of invisibility
 B - a potion of flight {unknown}
 C - a potion of beneficial mutation {unknown}
Books
 b - a book of Air

   Spells                             Type                      Level
   a - Shock                          Conjuration/Air              1
   b - Swiftness                      Charms/Air                   2
   c - Repel Missiles                 Charms/Air                   2
   d - Static Discharge               Conjuration/Air              3
   e - Lightning Bolt                 Conjuration/Air              5
 t - a book of the Warp

   Spells                             Type                      Level
   a - Recall                         Summoning/Translocation      3
   b - Gell's Gravitas                Hexes/Translocation          3
   c - Force Lance                    Conjuration/Translocation    4
   d - Warp Weapon                    Charms/Translocation         5
   e - Summon Forest                  Summoning/Translocation      5
Comestibles
 f - 6 bread rations
 g - 2 meat rations
 E - 7 slices of pizza


   Skills:
 + Level 10.6 Fighting
 - Level 12.1(14.6) Maces & Flails
 + Level 9.4 Armour
 - Level 4.1 Dodging
 - Level 10.1 Shields


You had 11 spell levels left.
You didn't know any spells.

Dungeon Overview and Level Annotations

Branches:
Dungeon (13/15)            Temple (1/1) D:4             Orc (0/2) D:11
   Lair: D:8-11      Vaults: D:13-14

Altars:
Ashenzari
Cheibriados
Fedhas
Gozag
Hepliaklqana
Kikubaaqudgha
Nemelex Xobeh
Okawaru
Pakellas
Sif Muna
Trog
The Shining One

Annotations:
D:5 Prince Ribbit


Innate Abilities, Weirdness & Mutations

You are under a permanent stasis effect.
You can dig through walls and to a lower floor.
Your four strong arms can wield two-handed weapons with a shield.
You have a pair of large antennae on your head. (SInv)


Message History

You closely miss the shock serpent.
The shock serpent is almost dead.
The shock serpent bites you but does no damage.
You closely miss the shock serpent.
The shock serpent is almost dead.
The shock serpent barely misses you. The raiju bites you but does no damage.
Your plate armour prevents you from hitting the shock serpent.
The shock serpent is almost dead.
The shock serpent shoots out a bolt of lightning at you!
The bolt of electricity hits you!
* * * LOW HITPOINT WARNING * * *
The raiju misses you.
You feel better.
The shock serpent bites you but does no damage.
The raiju barely misses you. You block the shock serpent's attack.
Are you sure you want to shaft yourself?
You feel quite a bit more hungry.
The shock serpent shoots out a bolt of lightning at you!
The bolt of electricity hits you!
You die...

, , ,,#.... , , ,,
,..., , #.... * ,
.... ###.... , , .
* ########....
,#...... , , ..
...........
,#...... ..,
.......... ,#..####
###.## .........
,#..# ,
#.....##........,
#.##
...#..{#@hh.....,
#.# ,
......4S##......
#.##### ,
..###...{# .....
#...... ,
,,........#
####*,#......
#.#}#.#...#
,#.#...... ,
.}⌠).#.#.. +,
#.#...... , , #.
\#.#...#.*,,
#.#...... . ...
....#.# ,#.#.....#
, , .# #
...##.#,,,#{#.....#


You could see a shock serpent, a sixfirhy and 2 raiju.

Vanquished Creatures
  Gastronok (D:8)
  A centaur warrior (D:13)
  Pikel (D:6)
  A hill giant (D:11)
  The ghost of Moloch the Archer, a novice HEHu (D:7)
  A manticore (D:12)
  An ugly thing (D:12)
  Psyche (D:8)
  A centaur skeleton (D:13)
  A troll (D:10)
  A two-headed ogre (D:11)
  Eustachio (D:5)
  A human (D:7)
  5 yaks (D:13)
  2 wyverns
  A hippogriff (D:7)
  3 hungry ghosts
  6 orc warriors
  3 phantoms
  A slave (D:6)
  A necrophage (D:3)
  A black bear (D:7)
  7 ogres
  6 sky beasts
  3 ice beasts
  9 centaurs
  3 big kobolds
  Blork the orc (D:7)
  8 giant frogs
  2 water moccasin zombies
  A troll zombie (D:11)
  6 scorpions
  3 wights (D:7)
  12 howler monkeys
  4 crimson imps
  2 giant frog zombies
  2 quasits
  3 centaur zombies
  3 jellies
  7 hounds
  10 orc priests
  A gnoll shaman (D:3)
  8 orc wizards
  An iguana (D:8)
  10 worker ants
  4 sheep (D:7)
  2 ogre zombies (D:11)
  A hound skeleton (D:7)
  2 worker ant zombies
  12 gnolls
  A howler monkey skeleton (D:6)
  22 adders
  2 shadow imps
  4 oozes
  An adder zombie (D:7)
  2 adder skeletons
  4 worms
  A dart slug (D:2)
  6 giant geckos
  49 orcs
  5 bats
  6 giant cockroaches
  5 goblins
  8 hobgoblins
  8 jackals
  6 quokkas
  4 ball pythons
  A giant gecko skeleton (D:4)
  A giant gecko zombie (D:6)
  10 giant newts
  3 goblin zombies (D:11)
  A hobgoblin zombie (D:11)
  A jackal skeleton (D:4)
  23 kobolds
  11 orc zombies (D:11)
  3 rats
  2 plants (Sewer)
359 creatures vanquished.

Vanquished Creatures (others)
  2 hydras (D:13)
  A quokka (D:6)
  A plant (Sewer)
4 creatures vanquished.

Grand Total: 363 creatures vanquished

Notes
Turn   | Place    | Note
--------------------------------------------------------------
     0 | D:1      | Ijustatesigmund the Formicid Fighter began the quest for the Orb.
     0 | D:1      | Reached XP level 1. HP: 18/18 MP: 1/1
   155 | D:1      | Reached XP level 2. HP: 24/24 MP: 2/2
   510 | D:1      | Reached XP level 3. HP: 24/29 MP: 3/3
   594 | D:1      | Reached skill level 3 in Maces & Flails
  1052 | D:2      | You fall through a shaft!
  1416 | D:2      | Reached XP level 4. HP: 34/37 MP: 4/4
  2070 | D:4      | Found a staircase to the Ecumenical Temple.
  2085 | Temple   | Entered the Ecumenical Temple
  2105 | Temple   | Became a worshipper of Ashenzari the Shackled
  2142 | D:3      | Noticed a necrophage
  2159 | D:3      | Killed a necrophage
  2159 | D:3      | Reached skill level 4 in Maces & Flails
  2159 | D:3      | Reached XP level 5. HP: 21/41 MP: 5/5
  2227 | D:4      | Found a glowing drain.
  2232 | Sewer    | Entered a sewer
  2331 | Sewer    | Reached XP level 6. HP: 41/49 MP: 6/6
  3380 | D:4      | Found an iron altar of Okawaru.
  3549 | D:4      | Reached skill level 5 in Shields
  3617 | D:3      | Reached skill level 5 in Maces & Flails
  3661 | D:3      | Reached XP level 7. HP: 29/55 MP: 7/7
  4263 | D:3      | Reached skill level 5 in Fighting
  4606 | D:4      | HP: 2/56 [adder (3)]
  4610 | D:4      | You fall through a shaft for 3 floors!
  4895 | D:7      | Noticed a hippogriff
  4909 | D:7      | Reached skill level 6 in Maces & Flails
  4927 | D:7      | Reached XP level 8. HP: 41/63 MP: 8/8
  5246 | D:5      | Entered Level 5 of the Dungeon
  5274 | D:5      | Noticed Prince Ribbit
  5301 | D:6      | Reached skill level 7 in Maces & Flails
  5505 | D:5      | Reached * piety under Ashenzari
  5519 | D:5      | Noticed Eustachio
  5525 | D:5      | You fall through a shaft!
  6070 | D:6      | Reached skill level 8 in Maces & Flails
  6103 | D:5      | You fall through a shaft!
  6455 | D:4      | Reached XP level 9. HP: 69/69 MP: 9/9
  6494 | D:5      | You fall through a shaft!
  6555 | D:6      | Noticed Blork the orc
  6560 | D:6      | You fall through a shaft for 3 floors!
  6789 | D:9      | Reached skill level 9 in Maces & Flails
  6891 | D:8      | Noticed Psyche
  6891 | D:8      | Noticed Gastronok
  7068 | D:8      | Killed Psyche
  7068 | D:8      | Reached skill level 10 in Maces & Flails
  7074 | D:8      | You fall through a shaft for 2 floors!
  7074 | D:10     | Entered Level 10 of the Dungeon
  7523 | D:10     | Reached skill level 11 in Maces & Flails
  7774 | D:8      | Reached XP level 10. HP: 48/76 MP: 10/10
  7807 | D:8      | You fall through a shaft!
  8115 | D:8      | You fall through a shaft!
  8688 | D:9      | Reached skill level 12 in Maces & Flails
  8907 | D:10     | Reached skill level 1 in Dodging
  9809 | D:7      | Killed Blork the orc
 10113 | D:6      | Noticed Pikel
 10128 | D:6      | Killed Pikel
 10489 | D:6      | Reached skill level 5 in Armour
 10509 | D:6      | Reached XP level 11. HP: 81/84 MP: 11/11
 11165 | D:5      | Killed Eustachio
 11692 | D:5      | Reached ** piety under Ashenzari
 12058 | D:7      | Noticed Moloch's ghost (novice HEHu)
 12076 | D:7      | Killed Moloch's ghost
 12919 | D:8      | Got the cursed scale mail of Valiance {rC+}
 13758 | D:8      | Killed Gastronok
 14715 | D:10     | You fall through a shaft!
 14715 | D:11     | Found a staircase to the Orcish Mines.
 14719 | D:11     | You fall through a shaft for 2 floors!
 14768 | D:13     | Killed a six-headed hydra
 14951 | D:13     | Noticed a centaur warrior
 14963 | D:13     | Killed a centaur warrior
 14963 | D:13     | Reached skill level 10 in Shields
 14963 | D:13     | Reached XP level 12. HP: 94/96 MP: 12/12
 15036 | D:12     | You fall through a shaft!
 15217 | D:13     | Killed a six-headed hydra
 15316 | D:13     | Reached *** piety under Ashenzari
 15326 | D:13     | Reached skill level 10 in Fighting
 15371 | D:12     | Found a flickering gateway to a bazaar.
 15380 | Bazaar   | Entered a bazaar
 15384 | Bazaar   | Found Jyteossu's Antique Armour Boutique.
 15393 | Bazaar   | Found Xuakhyr's Assorted Antiques.
 15402 | Bazaar   | Found Uthriepa's Antique Weapon Emporium.
 15411 | Bazaar   | Found Kaul's Weapon Boutique.
 15435 | Bazaar   | Bought a glowing plate armour for 483 gold pieces
 15459 | Bazaar   | Bought a silver wand for 48 gold pieces
 15946 | D:11     | You fall through a shaft!
 15946 | D:12     | Noticed a shock serpent
 15956 | D:12     | Killed from afar by a shock serpent

Vault maps used:
D:1:      lemuel_arrival_behind_the_door_large
D:4:      okawaru_trees_2, first_bread, gup_sewer_entry_bowl
D:5:      cheibrodos_gnoll_hut, uniq_eustachio, uniq_prince_ribbit1
D:6:      minmay_joined_circles, uniq_blork_the_orc, uniq_pikel
D:7:      grunt_livestock, grunt_ministairs_2
D:8:      nicolae_whirlpool, uniq_psyche, uniq_gastronok
D:11:     lair_0_dummy, zombieorc1_lemuel
D:12:     minmay_shoctagon, serial_shops, bzr_entry_customers,
          nrook_pool_corridor, kennysheep_generic_room_3
D:13:     basic_loot_grate_trap, lemuel_flamethrower_2
Temple:   nicolae_temple_the_god_donut
Bazaar:   bazaar_kb_twisted_cavern
Sewer:    sewer_co_scattered_pipes

Skill      XL: |  1  2  3  4  5  6  7  8  9 10 11 12 |
---------------+-------------------------------------+-----
Maces & Flails | 3 4 5 6 8 11 12 | 12.1
Shields        | 4 5 6 7 10 | 10.1
Fighting       | 4 5 6 7 9 10 | 10.6
Dodging        | 3 4 |  4.1
Armour         | 5 7 9 |  9.4

Action                   |  1- 3 |  4- 6 |  7- 9 | 10-12 || total
-------------------------+-------+-------+-------+-------++-------
Melee: Flail             |   107 |   300 |   367 |   195 ||   969
       Morningstar       |       |       |       |   689 ||   689
Throw: Tomahawk          |       |    11 |     8 |     4 ||    23
Invok: Curse Item        |       |       |       |     2 ||     2
       Scrying           |       |       |       |     1 ||     1
 Abil: Dig               |       |     4 |     7 |     8 ||    19
       Shaft Self        |       |       |     6 |     7 ||    13
  Use: Scroll            |       |    13 |     6 |     8 ||    27
       Potion            |       |     2 |     5 |     6 ||    13
  Eat: Chunk             |     2 |     7 |    10 |    40 ||    59
       Beef jerky        |       |     1 |       |     2 ||     3
       Bread ration      |       |       |     2 |     2 ||     4
Armor: Scale mail        |    51 |    76 |    95 |    74 ||   296
       Plate armour      |       |       |       |   126 ||   126
Dodge: Dodged            |    30 |    73 |    93 |   217 ||   413
Block: Shield            |    44 |   158 |   197 |   485 ||   884
